Map: Equilibrium LE

Players

Subwayeatn

  • Race: Zerg Zerg
  • League: Platinum
  • Spawn Location: 11:00

ZealotNick - Winner!

  • Race: Terran Terran
  • League: Diamond
  • Spawn Location: 1:00

VOD

Have the link to the VOD?

Description

Time

  • Played on: Nov. 7, 2023, 4:45 p.m.
  • Length: 31:42
Show
View Real Time Build Order
Export as new Build Order

Subwayeatn Zerg 

Build Orders: Pool First 

Get SALT Encoding   

  12  0:00  Drone  
  13  0:12  Overlord  
  13  0:18  Drone  
  14  0:31  Drone x2  
  16  0:39  Extractor  
  15  0:43  Spawning Pool  
  15  0:46  Drone  
  15  0:50  Drone  
  16  1:06  Drone  
  17  1:18  Hatchery  
  16  1:36  Queen  
  16  1:38  Zergling x4  
  20  1:44  Overlord  
  20  1:54  Metabolic Boost  
  20  1:56  Drone  
  21  2:08  Drone  
  22  2:26  Drone  
  22  2:27  Drone  
  24  2:43  Zergling x8  
  27  2:48  Queen  
  28  2:55  Spine Crawler  
  26  3:21  Zergling x4  
  26  3:24  Overlord  
  26  3:25  Overlord  
  28  3:32  Baneling Nest  
  27  3:34  Overlord  
  27  3:41  Queen  
  27  3:45  Drone x5  
  34  3:51  Lair  
  33  4:17  Queen  
  33  4:19  Baneling  
  33  4:20  Baneling  
  33  4:24  Drone  
  36  4:25  Drone  
  36  4:28  Extractor  
  36  4:30  Drone x11  
  47  4:33  Drone  
  47  4:37  Overlord  
  48  4:40  Baneling x2  
  48  4:43  Baneling  
  48  4:47  Overlord  
  48  4:56  Baneling  
  48  5:14  Overseer  
  48  5:16  Overseer  
  48  5:23  Zergling x2  
  48  5:24  Zergling x14  
  48  5:26  Baneling x2  
  56  5:30  Queen  
  56  5:32  Queen  
  56  5:33  Overlord x2  
  60  5:37  Zergling x8  
  64  5:47  Spore Crawler  
  64  5:49  Baneling  
  63  5:50  Centrifugal Hooks  
  63  6:12  Pneumatized Carapace  
  63  6:27  Zergling x4  
  63  6:28  Zergling x12  
  70  6:46  Overlord x2  
  69  6:56  Baneling x5  
  69  6:57  Baneling x4  
  69  6:58  Baneling  
  55  7:31  Zergling x26  
  67  7:39  Zergling x2  
  64  8:03  Baneling  
  64  8:04  Baneling x5  
  64  8:05  Zergling x14  
  71  8:20  Baneling  
  71  8:21  Baneling x11  
  71  8:22  Zergling x2  
  71  8:23  Zergling x12  
  78  8:30  Overlord x2  
  78  8:31  Hatchery  
  77  8:43  Hatchery  
  76  8:49  Zergling x12  
  76  8:50  Zergling x2  
  76  8:55  Zergling x4  
  63  9:22  Drone x3  
  63  9:23  Drone x5  
  69  9:27  Queen x2  
  73  9:39  Drone x2  
  73  9:40  Extractor x2, Drone x2  
  73  9:41  Drone x2  
  75  9:48  Overseer  
  75  9:54  Drone  
  75  9:55  Infestation Pit  
  75  9:56  Spire  
  74  10:03  Spore Crawler, Queen  
  74  10:05  Spine Crawler  
  74  10:07  Queen  
  74  10:09  Queen, Spine Crawler  
  77  10:16  Drone x3  
  77  10:17  Drone x9  
  89  10:25  Spore Crawler  
  89  10:26  Spine Crawler x2  
  89  10:27  Baneling  
  89  10:28  Baneling x11  
  86  10:37  Zergling x2  
  87  10:49  Drone x6  
  93  10:52  Extractor x2  
  91  11:00  Drone x2  
  91  11:03  Drone x2  
  95  11:11  Evolution Chamber x2  
  94  11:17  Mutalisk x5  
  103  11:21  Overlord x2  
  103  11:22  Overlord  
  103  11:38  Drone  
  104  11:42  Drone x2  
  104  11:43  Drone, Overlord x3  
  104  11:44  Overlord x2  
  107  11:51  Zerg Melee Weapons Level 1  
  107  11:52  Zerg Ground Armor Level 1  
  107  11:56  Zerg Flyer Weapons Level 1  
  107  11:57  Mutalisk x2  
  107  11:58  Spine Crawler  
  107  12:01  Spore Crawler  
  109  12:07  Zergling x10  
  109  12:08  Zergling x4  
  114  12:23  Overseer  
  114  12:24  Mutalisk  
  114  12:25  Mutalisk x3  
  111  12:47  Mutalisk x3  
  111  12:49  Zergling x2  
  111  12:50  Zergling x28  
  132  13:10  Baneling x7  
  132  13:13  Drone  
  132  13:17  Hive  
  133  13:24  Zergling x2  
  133  13:25  Zergling x20  
  144  13:27  Extractor x2  
  144  13:28  Zergling x2  
  144  13:30  Drone  
  144  13:31  Drone x2  
  144  13:32  Drone x3  
  126  13:45  Zergling x2  
  126  13:46  Zergling x18  
  136  13:55  Mutalisk x3  
  138  13:58  Mutalisk x3  
  138  13:59  Mutalisk x3  
  143  14:11  Overlord x2  
  143  14:12  Zergling x12  
  143  14:15  Baneling x9  
  143  14:16  Baneling x6  
  149  14:32  Zerg Melee Weapons Level 2, Zerg Ground Armor Level 2  
  149  14:46  Zergling x2  
  149  14:47  Zergling x30  
  165  14:54  Baneling x12  
  165  14:55  Baneling x2  
  161  15:15  Extractor  
  161  15:16  Hatchery  
  161  15:18  Overlord x2  
  161  15:19  Extractor, Overlord  
  150  15:30  Ultralisk Cavern  
  146  15:59  Zergling x2  
  146  16:00  Zergling x26  
  160  16:20  Ultralisk  
  160  16:21  Ultralisk x3  
  179  16:26  Chitinous Plating  
  170  16:54  Overseer  
  170  16:59  Zerg Melee Weapons Level 3  
  170  17:00  Zerg Ground Armor Level 3  
  170  17:02  Adrenal Glands  
  170  17:10  Drone x3  
  170  17:11  Drone x5  
  170  17:12  Drone x2  
  170  17:13  Drone  
  170  17:15  Drone x2  
  183  17:17  Drone  
  183  17:19  Drone  
  183  17:20  Drone  
  186  17:23  Extractor, Hatchery  
  186  17:26  Extractor  
  183  17:31  Overlord  
  181  17:52  Overseer  
  181  17:53  Overseer  
  181  17:54  Overseer x2  
  164  18:31  Ultralisk x4  
  164  18:34  Zergling x22  
  199  18:53  Spore Crawler  
  199  18:55  Spine Crawler  
  197  18:57  Spine Crawler  
  197  18:58  Spine Crawler  
  197  18:59  Zergling x8  
  158  19:18  Zergling x6  
  158  19:19  Zergling x26  
  158  19:22  Overlord x5  
  174  19:38  Anabolic Synthesis  
  172  19:39  Zerg Flyer Weapons Level 2  
  172  19:44  Baneling x11  
  172  19:45  Baneling  
  172  19:46  Baneling x2  
  172  19:47  Baneling  
  172  19:51  Spine Crawler  
  172  19:52  Spine Crawler x2  
  104  20:08  Zergling x2  
  104  20:09  Zergling x26  
  104  20:10  Zergling x2  
  111  20:29  Drone x6  
  111  20:30  Drone  
  109  20:45  Hatchery  
  108  21:01  Drone  
  108  21:02  Drone x2  
  111  21:04  Drone x14  
  111  21:05  Drone x3  
  128  21:19  Baneling  
  128  21:20  Baneling x16  
  128  21:21  Baneling  
  128  21:32  Unknown, Hatchery  
  126  21:36  Zergling x2, Ultralisk  
  126  21:38  Zergling x2  
  126  21:39  Zergling x10  
  138  21:54  Overseer x2  
  138  21:56  Zerg Flyer Armor Level 1  
  138  21:59  Baneling x6  
  138  22:00  Zergling x2  
  138  22:01  Zergling x28  
  153  22:07  Zergling x2  
  154  22:08  Overlord  
  154  22:09  Overlord  
  154  22:19  Queen  
  154  22:21  Queen  
  158  22:35  Drone x2  
  160  22:42  Ultralisk x2  
  160  22:43  Ultralisk x3  
  167  23:01  Zergling x16  
  167  23:02  Zergling x32  
  167  23:03  Zergling x2  
  172  23:13  Ultralisk x2  
  178  23:24  Baneling  
  178  23:25  Baneling x16  
  174  23:27  Ultralisk  
  174  23:34  Zergling x14  
  177  23:35  Zergling x2  
  151  24:03  Ultralisk x3  
  151  24:05  Zergling x2  
  151  24:06  Zergling x16  
  176  24:16  Drone x5  
  181  24:20  Hatchery  
  129  25:13  Hydralisk Den  
  128  25:25  Extractor  
  127  25:30  Overlord x3  
  127  25:35  Overseer, Queen  
  129  25:40  Zergling x2  
  129  25:41  Zergling x32  
  146  25:45  Hydralisk x12  
  146  25:46  Hydralisk x8  
  186  25:53  Ultralisk  
  186  25:54  Ultralisk  
  186  25:56  Overlord x3  
  198  26:08  Baneling x2  
  198  26:09  Baneling x20  
  198  26:10  Baneling  
  137  26:39  Zergling x2  
  121  26:40  Zergling x26  
  121  26:42  Ultralisk x2  
  145  26:55  Hatchery, Grooved Spines  
  143  27:19  Ultralisk  
  143  27:20  Ultralisk  
  143  27:21  Hydralisk x2  
  143  27:22  Hydralisk x5  
  165  27:25  Zergling x2  
  165  27:26  Zergling x8  
  174  27:45  Muscular Augments  
  174  27:50  Hydralisk x2  
  174  27:51  Hydralisk  
  178  27:53  Zergling x2  
  178  27:54  Zergling x30  
  196  27:58  Extractor  
  196  28:02  Extractor  
  187  28:15  Ultralisk x2  
  106  28:46  Zergling x10  
  106  28:47  Zergling x60  
  106  28:48  Zergling x2  
  126  29:01  Hydralisk  
  126  29:02  Hydralisk x2  
  132  29:05  Zerg Missile Weapons Level 1  
  132  29:06  Hydralisk  
  128  29:22  Baneling x2  
  128  29:23  Baneling x5  
  128  29:24  Baneling  
  124  29:25  Zergling x2  
  124  29:26  Zergling x12  
  98  29:43  Zergling x18  
  98  30:03  Overseer x2  
  98  30:06  Overseer x2  
  98  30:07  Overseer  
  98  30:15  Zergling x16  
  98  30:16  Zergling x12  
  112  30:34  Queen  
  109  30:56  Hatchery  
  107  31:04  Zergling x2  
  107  31:05  Zergling x12  
  107  31:06  Hatchery  
  113  31:18  Zergling x4  
  114  31:19  Zergling x8  
Show
View Real Time Build Order
Export as new Build Order

ZealotNick Terran - Winner!

Build Orders:  

Get SALT Encoding   

  12  0:00  SCV  
  13  0:13  SCV  
  14  0:21  Supply Depot  
  14  0:25  SCV  
  15  0:42  SCV  
  16  0:47  Barracks  
  16  0:54  SCV  
  17  1:00  Barracks  
  17  1:06  SCV  
  17  1:10  Refinery  
  18  1:33  Marine  
  19  1:43  Command Center  
  19  1:48  Marine  
  20  1:55  Bunker  
  20  1:58  Marine  
  21  2:07  Marine  
  22  2:13  Orbital Command  
  21  2:16  Marine  
  22  2:23  Supply Depot  
  22  2:28  Engineering Bay  
  22  2:29  Marine  
  23  2:44  Marine  
  23  2:51  SCV  
  25  2:54  Engineering Bay  
  24  3:15  Marine x2  
  24  3:16  Orbital Command  
  21  3:28  Factory, SCV  
  21  3:34  Marine  
  21  3:35  Marine  
  23  3:42  SCV x2  
  25  3:56  Barracks  
  25  3:58  Barracks  
  25  4:01  SCV x2  
  25  4:02  Barracks Tech Lab x2  
  27  4:10  Refinery  
  27  4:13  SCV x2  
  29  4:26  SCV x2  
  31  4:32  Supply Depot  
  31  4:33  Supply Depot  
  31  4:35  Marine  
  31  4:36  Marine  
  33  4:43  Factory Tech Lab, Refinery  
  34  4:45  SCV x2  
  35  4:57  SCV  
  35  4:58  Marine x3, SCV  
  35  4:59  Marine  
  41  5:05  Starport  
  41  5:09  Stimpack  
  41  5:10  SCV x2  
  43  5:17  Marine  
  43  5:18  Marine  
  43  5:19  Marine x2  
  47  5:22  SCV x2  
  47  5:24  Refinery  
  49  5:31  Siege Tank  
  49  5:34  SCV x2  
  54  5:39  Supply Depot  
  54  5:40  Supply Depot x2  
  54  5:41  Starport Reactor  
  54  5:46  SCV x2  
  56  5:53  Combat Shield  
  56  5:58  SCV x2  
  56  6:00  Supply Depot  
  56  6:01  Supply Depot  
  56  6:02  Supply Depot  
  56  6:03  Widow Mine  
  60  6:10  SCV x2  
  62  6:13  Marine x4  
  66  6:19  Factory  
  66  6:20  Medivac x2  
  66  6:23  SCV x2  
  72  6:46  Siege Tank, Marine x4  
  77  6:48  SCV x2  
  77  6:51  Terran Infantry Armor Level 1  
  77  6:52  Terran Infantry Weapons Level 1  
  79  7:01  Barracks x3  
  79  7:04  Marine  
  58  7:28  Marine  
  58  7:29  Marine x3  
  51  7:33  Widow Mine  
  36  7:46  Marine x3  
  36  7:47  Marine  
  37  8:03  SCV x2  
  39  8:15  Siege Tank, Widow Mine  
  39  8:16  Supply Depot  
  44  8:23  Supply Depot  
  44  8:24  SCV x2  
  44  8:26  Marine x2  
  44  8:27  Marine x2  
  48  8:28  Medivac  
  48  8:29  Medivac  
  54  8:37  SCV  
  54  8:38  SCV  
  56  8:43  Widow Mine  
  56  8:44  Marine x3  
  56  8:45  Marine  
  62  8:55  Missile Turret x2  
  62  8:57  Missile Turret  
  62  8:58  SCV x2  
  62  9:00  Liberator x2  
  70  9:10  SCV  
  69  9:30  SCV x2  
  71  9:33  Marine x4  
  71  9:37  Command Center  
  74  9:48  SCV x2  
  74  9:50  Marine  
  74  9:52  Refinery  
  77  9:55  Marine  
  77  9:56  Marine x2  
  77  9:57  Siege Tank, Widow Mine  
  85  10:03  SCV x2  
  87  10:08  Marine x4  
  87  10:13  Armory, Marine  
  92  10:54  Marine  
  92  10:55  Marine x6  
  99  10:58  Missile Turret  
  99  10:59  Command Center  
  99  11:00  Missile Turret  
  99  11:01  Terran Infantry Weapons Level 2, Terran Infantry Armor Level 2, Missile Turret  
  99  11:03  Terran Vehicle Weapons Level 1  
  99  11:09  Planetary Fortress  
  99  11:12  Marine  
  99  11:14  Marine x3  
  99  11:15  Marine x3  
  106  11:30  Marine  
  106  11:32  Marine x3  
  109  11:38  SCV x2  
  112  11:43  Medivac x2  
  116  12:04  Marine  
  117  12:08  Supply Depot  
  117  12:10  Marine x6, Supply Depot  
  117  12:11  Planetary Fortress  
  117  12:14  Supply Depot  
  123  12:17  Missile Turret  
  123  12:22  Marine  
  117  12:28  SCV x3  
  120  12:30  Marine x3  
  120  12:31  Marine x3  
  126  12:38  Missile Turret  
  126  12:40  SCV, Marine  
  126  12:44  SCV x2  
  117  12:48  Thor, Marine x3  
  126  12:52  Factory Reactor, SCV  
  126  12:54  SCV  
  126  12:56  SCV, Refinery  
  126  12:58  Refinery  
  129  13:00  Missile Turret  
  129  13:02  SCV  
  129  13:04  SCV  
  131  13:23  Missile Turret  
  131  13:32  Siege Tank  
  120  13:49  SCV x3  
  120  13:50  SCV  
  120  13:51  Marine x4  
  120  13:52  Marine x3  
  120  13:54  Widow Mine x2  
  135  13:58  Medivac x2  
  139  14:04  Siege Tank  
  139  14:08  Missile Turret  
  139  14:09  Missile Turret x2, Marine  
  143  14:10  Missile Turret  
  143  14:11  Missile Turret  
  137  14:19  Marine x6  
  143  14:27  Marine  
  143  14:28  Factory  
  144  14:33  Terran Infantry Weapons Level 3, Terran Infantry Armor Level 3  
  144  14:36  Marine  
  144  14:37  Marine x3  
  147  15:04  Marine x3  
  147  15:05  Marine x2  
  149  15:28  Siege Tank  
  149  15:30  Widow Mine x2  
  149  15:33  Factory Tech Lab  
  156  15:46  Smart Servos  
  156  16:09  SCV  
  156  16:37  Marine x3  
  156  16:42  Command Center  
  156  16:56  Refinery  
  156  16:57  Refinery  
  156  16:58  Supply Depot x2  
  156  16:59  Supply Depot  
  156  17:05  Drilling Claws  
  156  17:15  Terran Vehicle Weapons Level 2  
  156  17:16  Hi-Sec Auto Tracking  
  156  17:17  Neosteel Armor  
  156  17:19  SCV x3, Marine x7  
  156  17:20  Thor, Widow Mine x2, SCV  
  177  17:25  Supply Depot x3  
  177  17:26  Supply Depot  
  177  17:27  Supply Depot  
  177  17:32  SCV x2  
  179  17:45  Command Center  
  179  17:46  Thor  
  185  17:52  Command Center  
  185  17:56  Planetary Fortress  
  165  18:00  Marine x6  
  165  18:01  Marine  
  161  18:32  Thor x2, Widow Mine x2  
  161  18:34  Marine, Medivac x2  
  175  18:35  Marine x6  
  175  18:38  SCV x4  
  175  18:41  SCV  
  189  18:48  Missile Turret  
  189  18:52  Marine x2  
  189  18:53  Marine x2  
  158  19:23  Medivac x2  
  162  19:24  Thor x2  
  162  19:26  Barracks Tech Lab, Marine  
  162  19:27  Barracks Tech Lab x3  
  175  19:39  Command Center  
  175  19:43  Command Center  
  175  19:48  Marauder  
  175  19:49  Marauder  
  179  19:53  Marauder, Marine x2  
  179  19:54  Marauder x2  
  152  20:10  Marauder  
  130  20:16  Marine x2  
  130  20:17  Marine x2  
  127  20:21  Marauder, Marine  
  127  20:22  Thor x2  
  127  20:25  Widow Mine x2  
  146  20:31  Marine  
  146  20:34  Marine  
  146  20:47  Orbital Command  
  146  20:48  Orbital Command  
  146  20:51  Planetary Fortress  
  146  21:05  Planetary Fortress  
  146  21:09  Missile Turret  
  146  21:14  Marine x2, Marauder x5  
  158  21:26  Missile Turret  
  158  21:30  Missile Turret  
  158  21:32  Marine  
  159  21:43  Marine, Marauder  
  159  21:44  Marine, Marauder x3  
  159  21:45  Thor x2  
  181  21:47  Missile Turret  
  181  21:50  Missile Turret, Marine, Terran Vehicle Weapons Level 3  
  182  22:01  Marine  
  182  22:05  Command Center  
  182  22:07  Missile Turret  
  183  22:10  Unknown  
  183  22:11  Widow Mine x2, Refinery  
  183  22:13  Missile Turret  
  187  22:27  Missile Turret  
  187  22:34  Missile Turret  
  187  22:40  Refinery x2  
  187  22:43  Medivac x2  
  191  22:44  Barracks  
  191  22:45  Thor, Marine  
  191  22:46  Barracks, Marine x2  
  200  22:51  Armory  
  160  23:06  Marine, Marauder x2  
  160  23:07  Marine, Marauder x3  
  170  23:32  Concussive Shells  
  170  23:37  Thor  
  170  23:38  Thor  
  170  23:39  Widow Mine x2  
  139  24:01  Marine x2, Marauder x2  
  139  24:02  Marine, Marauder x2  
  127  24:19  Marine  
  127  24:21  Marauder x2  
  127  24:22  Thor x2, Marine, Marauder  
  127  24:23  Marauder, Marine  
  148  24:37  Marine  
  136  24:47  Marauder, Marine  
  136  24:48  Marauder x2, Marine x2  
  145  24:55  Marine  
  146  25:02  Planetary Fortress  
  146  25:03  Refinery  
  146  25:05  Thor  
  146  25:06  Refinery  
  152  25:08  SCV  
  152  25:10  SCV x7  
  152  25:13  Thor  
  166  25:14  Marine x3  
  166  25:15  Marine x6  
  166  25:19  Widow Mine x2  
  179  25:23  Terran Ship Weapons Level 1, Terran Vehicle And Ship Armor Level 1  
  179  25:32  Marine x4  
  179  25:33  Marine  
  184  25:41  Command Center  
  184  25:42  Command Center  
  184  25:44  Marine x4  
  184  25:47  Widow Mine x2  
  184  25:48  Thor  
  198  25:50  Marine x2  
  141  26:40  Marine x3, Marauder x4  
  141  26:41  Thor x2, Marine  
  141  26:42  Widow Mine x2  
  167  26:56  Factory  
  167  26:57  Factory  
  167  26:59  Orbital Command x2, Factory  
  167  27:07  SCV x3  
  170  27:10  Marine x2, Marauder x2  
  170  27:11  Marine x3, Marauder x2  
  170  27:15  Widow Mine x2  
  187  27:28  Marine x3  
  187  27:29  Marine x2  
  192  27:31  Marine x3  
  192  27:32  Marine  
  196  27:38  Command Center  
  196  27:46  Marine x4  
  200  28:05  Factory Tech Lab x3  
  172  28:33  Thor x2  
  172  28:34  Thor x3  
  197  29:19  Marine x3  
  159  29:39  Thor x5  
  186  30:22  Thor  
  186  30:24  Command Center  
  186  30:25  Thor  
  186  30:26  Command Center  
  198  30:32  Planetary Fortress  
  198  30:37  Missile Turret  
  198  30:53  Marine x2  
  196  30:57  Missile Turret  
  196  31:17  Missile Turret  
  190  31:38  Missile Turret  
Tags
 
Matchup
TvZ
Opening
Pool First
Replay Pack
Multiplayer
Spawn Locations
Close Positions
Add a new tag
Caveats
  • Supply blocks, unpowered buildings, or Contaminate may cause inaccurate times.
  • Supply counts are checked every 10 seconds.